MWL (24 & UNDER)
BARRY'S BAY ORIOLES @ LITTLE ROCK LEMMIWINKS
08/31/2028
 
TOP OF THE 1ST
Barry's Bay Orioles batting - Pitching for Little Rock Lemmiwinks : RHP Albert Castro
Pitching: RHP Albert Castro
Batting: SHB Emílio Calvillo 0-0: Called Strike
0-1: Ball
1-1: Ball
2-1: Foul Ball, location: 2F
2-2: Foul Ball, location: 2F
2-2: Ball
3-2: Foul Ball, location: 2F
3-2: Base on Balls
Batting: LHB Greg Sharpe 0-0: Called Strike
0-1: Ball
1-1: Ball
2-1: Foul Ball, location: 2F
2-2: Strikes out looking
Batting: SHB Garrett Waller 0-0: Called Strike
0-1: Called Strike
0-2: Foul Ball, location: 2F
0-2: Strikes out swinging
Batting: SHB Terry Christian 0-0: Ball
1-0: Foul Ball, location: 2F
1-1: Swinging Strike
1-2: Strikes out looking
Top of the 1st over - 0 run(s), 0 hit(s), 0 error(s), 1 left on base; Barry's Bay 0 - Little Rock 0
BOTTOM OF THE 1ST
Little Rock Lemmiwinks batting - Pitching for Barry's Bay Orioles : RHP José García
Pitching: RHP José García
Batting: RHB Álex Martínez 0-0: Called Strike
0-1: Ball
1-1: Foul Ball, location: 2F
1-2: Ball
2-2: Ground out 6-3 (Groundball, 6)
Batting: RHB James Hunter 0-0: Foul Ball, location: 2F
0-1: Foul Ball, location: 2F
0-2: Ball
1-2: Strikes out swinging
Batting: RHB Bill Bourland 0-0: Ball
1-0: Ball
2-0: Foul Ball, location: 2F
2-1: Swinging Strike
2-2: Foul Ball, location: 2F
2-2: Foul Ball, location: 2F
2-2: Fly out, F6 (Line Drive, 6D)
Bottom of the 1st over - 0 run(s), 0 hit(s), 0 error(s), 0 left on base; Barry's Bay 0 - Little Rock 0
TOP OF THE 2ND
Barry's Bay Orioles batting - Pitching for Little Rock Lemmiwinks : RHP Albert Castro
Batting: LHB Ryan Rheaume 0-0: Swinging Strike
0-1: Ground out 4-3 (Groundball, 4MD)
Batting: RHB Troy González 0-0: Swinging Strike
0-1: Ground out 5-3 (Groundball, 56S)
Batting: LHB Joe Vásquez 0-0: Ball
1-0: Foul Ball, location: 2F
1-1: Ball
2-1: Fly out, F8 (Flyball, 8RS)
Top of the 2nd over - 0 run(s), 0 hit(s), 0 error(s), 0 left on base; Barry's Bay 0 - Little Rock 0
BOTTOM OF THE 2ND
Little Rock Lemmiwinks batting - Pitching for Barry's Bay Orioles : RHP Aaron Williams
Pitching: RHP Aaron Williams
Batting: RHB Jaime Hernández 0-0: Fly out, F3 (Popup, 3S)
Batting: RHB John Robertson 0-0: Called Strike
0-1: Foul Ball, location: 2F
0-2: Ball
1-2: Strikes out swinging
Batting: LHB Horace Kramer 0-0: Called Strike
0-1: Called Strike
0-2: Fly out, F9 (Flyball, 9S)
Bottom of the 2nd over - 0 run(s), 0 hit(s), 0 error(s), 0 left on base; Barry's Bay 0 - Little Rock 0
TOP OF THE 3RD
Barry's Bay Orioles batting - Pitching for Little Rock Lemmiwinks : RHP Albert Castro
Batting: RHB Octávio Aldeguer 0-0: Called Strike
0-1: Ball
1-1: Ball
2-1: Foul Ball, location: 2F
2-2: Foul Ball, location: 2F
2-2: Ball
3-2: Base on Balls
Batting: RHB River Cunningham 0-0: Ball
1-0: Ball
2-0: Called Strike
2-1: Foul Ball, location: 2F
2-2: Foul Ball, location: 2F
2-2: Foul Ball, location: 2F
2-2: 2-RUN HOME RUN (Flyball, 7D), Distance : 385 ft
Batting: SHB Emílio Calvillo 0-0: Ball
1-0: Ball
2-0: Called Strike
2-1: Ball
3-1: Called Strike
3-2: Strikes out swinging
Batting: LHB Greg Sharpe 0-0: Ball
1-0: Foul Ball, location: 2F
1-1: Foul Ball, location: 2F
1-2: Ground out 3-1 (Groundball, 34)
Batting: SHB Garrett Waller 0-0: Ball
1-0: Called Strike
1-1: Foul Ball, location: 2F
1-2: Ground out U3 (Groundball, 3L)
Top of the 3rd over - 2 run(s), 1 hit(s), 0 error(s), 0 left on base; Barry's Bay 2 - Little Rock 0
BOTTOM OF THE 3RD
Little Rock Lemmiwinks batting - Pitching for Barry's Bay Orioles : RHP Aaron Williams
Batting: RHB Roberto Valdéz 0-0: Swinging Strike
0-1: Ball
1-1: Called Strike
1-2: Ball
2-2: Foul Ball, location: 2F
2-2: Ball
3-2: Strikes out swinging
Batting: RHB Jack Crossey 0-0: Called Strike
0-1: Ground out 6-3 (Groundball, 6MS)
Batting: RHB Álex Ochoa 0-0: Called Strike
0-1: Ball
1-1: Ground out 6-3 (Groundball, 6)
Bottom of the 3rd over - 0 run(s), 0 hit(s), 0 error(s), 0 left on base; Barry's Bay 2 - Little Rock 0
TOP OF THE 4TH
Barry's Bay Orioles batting - Pitching for Little Rock Lemmiwinks : RHP Albert Castro
Batting: SHB Terry Christian 0-0: Ball
1-0: Foul Ball, location: 2F
1-1: Swinging Strike
1-2: Foul Ball, location: 2F
1-2: Ball
2-2: Strikes out looking
Batting: LHB Ryan Rheaume 0-0: Foul Ball, location: 2F
0-1: Foul Ball, location: 2F
0-2: Ball
1-2: Strikes out swinging
Batting: RHB Troy González 0-0: Swinging Strike
0-1: SINGLE (Line Drive, 89S)
Batting: LHB Joe Vásquez 0-0: Foul Ball, location: 2F
0-1: Ball
1-1: Ball
2-1: Foul Ball, location: 2F
2-2: Ball
3-2: Strikes out swinging
Top of the 4th over - 0 run(s), 1 hit(s), 0 error(s), 1 left on base; Barry's Bay 2 - Little Rock 0
BOTTOM OF THE 4TH
Little Rock Lemmiwinks batting - Pitching for Barry's Bay Orioles : RHP Aaron Williams
Pitching: LHP Roberto Galaz
Batting: RHB Álex Martínez 0-0: Called Strike
0-1: Swinging Strike
0-2: Foul Ball, location: 2F
0-2: Ground out 5-3 (Groundball, 56S)
Batting: RHB James Hunter 0-0: Ball
1-0: Foul Ball, location: 2F
1-1: Ball
2-1: Fly out, F4 (Flyball, 34D)
Batting: RHB Bill Bourland 0-0: SINGLE (Groundball, 56) (infield hit)
Batting: RHB Jaime Hernández 0-0: SINGLE (Line Drive, 6MD)
Bill Bourland to second
Batting: RHB John Robertson 0-0: Ball
1-0: Fielders Choice at 2nd, 6-4 (Groundball, 6)
Bottom of the 4th over - 0 run(s), 2 hit(s), 0 error(s), 1 left on base; Barry's Bay 2 - Little Rock 0
TOP OF THE 5TH
Barry's Bay Orioles batting - Pitching for Little Rock Lemmiwinks : RHP Albert Castro
Pitching: LHP José Reyes
Batting: RHB Octávio Aldeguer 0-0: Called Strike
0-1: Ground out 4-3 (Groundball, 4)
Batting: RHB River Cunningham 0-0: Foul Ball, location: 2F
0-1: SINGLE (Line Drive, 34)
Batting: SHB Emílio Calvillo 0-0: Fly out, F8 (Line Drive, 8LD)
Batting: LHB Greg Sharpe 0-0: Fielders Choice at 2nd, 6-4 (Groundball, 6)
Top of the 5th over - 0 run(s), 1 hit(s), 0 error(s), 0 left on base; Barry's Bay 2 - Little Rock 0
BOTTOM OF THE 5TH
Little Rock Lemmiwinks batting - Pitching for Barry's Bay Orioles : LHP Roberto Galaz
Batting: LHB Horace Kramer 0-0: Ball
1-0: Ball
2-0: Ball
3-0: Called Strike
3-1: Bunt for hit - play at first, batter safe!
Batting: RHB Roberto Valdéz 0-0: Foul Ball, location: 2F
0-1: Ball
1-1: Called Strike
1-2: Strikes out swinging
Batting: RHB Jack Crossey 0-0: Called Strike
0-1: Foul Ball, location: 2F
0-2: Ball
1-2: Ball
2-2: Strikes out looking
Batting: RHB Álex Ochoa 0-0: Ball
1-0: Ball
2-0: Ball
3-0: Foul Ball, location: 2F
3-1: Called Strike
3-2: Strikes out swinging
Bottom of the 5th over - 0 run(s), 1 hit(s), 0 error(s), 1 left on base; Barry's Bay 2 - Little Rock 0
TOP OF THE 6TH
Barry's Bay Orioles batting - Pitching for Little Rock Lemmiwinks : LHP José Reyes
Batting: SHB Garrett Waller 0-0: Called Strike
0-1: Swinging Strike
0-2: Foul Ball, location: 2F
0-2: Ball
1-2: Strikes out looking
Batting: SHB Terry Christian 0-0: Ball
1-0: Swinging Strike
1-1: Called Strike
1-2: Fly out, F8 (Flyball, 8RM)
Batting: LHB Ryan Rheaume 0-0: Ball
1-0: Foul Ball, location: 2F
1-1: SINGLE (Line Drive, 4M)
Batting: RHB Troy González 0-0: Called Strike
Ryan Rheaume is caught stealing 2nd base
Top of the 6th over - 0 run(s), 1 hit(s), 0 error(s), 0 left on base; Barry's Bay 2 - Little Rock 0
BOTTOM OF THE 6TH
Little Rock Lemmiwinks batting - Pitching for Barry's Bay Orioles : LHP Roberto Galaz
Batting: RHB Álex Martínez 0-0: Called Strike
0-1: Ball
1-1: Ball
2-1: Ball
3-1: Swinging Strike
3-2: Foul Ball, location: 2F
3-2: Ground out 6-3 (Groundball, 6)
Batting: RHB James Hunter 0-0: Ball
1-0: Fly out, F9 (Flyball, 9LMF)
Batting: RHB Bill Bourland 0-0: Ball
1-0: Foul Ball, location: 2F
1-1: Foul Ball, location: 2F
1-2: Foul Ball, location: 2F
1-2: Ground out 5-3 (Groundball, 56S)
Bottom of the 6th over - 0 run(s), 0 hit(s), 0 error(s), 0 left on base; Barry's Bay 2 - Little Rock 0
TOP OF THE 7TH
Barry's Bay Orioles batting - Pitching for Little Rock Lemmiwinks : LHP José Reyes
Batting: RHB Troy González 0-0: Ground out 6-3 (Groundball, 6)
Batting: LHB Joe Vásquez 0-0: Ball
1-0: Foul Ball, location: 2F
1-1: Foul Ball, location: 2F
1-2: Foul Ball, location: 2F
1-2: SINGLE (Line Drive, 34D)
Batting: RHB Octávio Aldeguer 0-0: Ball
1-0: Swinging Strike
1-1: Fly out, F8 (Flyball, 8LM)
Batting: RHB River Cunningham 0-0: Ball
1-0: Ball
2-0: Foul Ball, location: 2F
2-1: Ball
Passed Ball!
Joe Vásquez to second
3-1: Swinging Strike
3-2: Strikes out swinging
Top of the 7th over - 0 run(s), 1 hit(s), 0 error(s), 1 left on base; Barry's Bay 2 - Little Rock 0
BOTTOM OF THE 7TH
Little Rock Lemmiwinks batting - Pitching for Barry's Bay Orioles : LHP Roberto Galaz
Batting: RHB Jaime Hernández 0-0: Swinging Strike
0-1: Ball
1-1: Swinging Strike
1-2: SINGLE (Flyball, 9LM)
Batting: RHB John Robertson 0-0: Called Strike
0-1: Swinging Strike
0-2: Strikes out looking
Batting: LHB Horace Kramer 0-0: Foul Ball, location: 2F
0-1: Foul Ball, location: 2F
0-2: Foul Ball, location: 2F
0-2: Strikes out looking
Batting: RHB Roberto Valdéz 0-0: Called Strike
0-1: Foul Ball, location: 2F
0-2: Ball
1-2: Strikes out looking
Bottom of the 7th over - 0 run(s), 1 hit(s), 0 error(s), 1 left on base; Barry's Bay 2 - Little Rock 0
TOP OF THE 8TH
Barry's Bay Orioles batting - Pitching for Little Rock Lemmiwinks : LHP José Reyes
Batting: SHB Emílio Calvillo 0-0: SOLO HOME RUN (Flyball, 78XD), Distance : 414 ft
Batting: LHB Greg Sharpe 0-0: Ground out 5-3 (Groundball, 56S)
Batting: SHB Garrett Waller 0-0: Called Strike
0-1: Foul Ball, location: 2F
0-2: Ball
1-2: Ball
2-2: Ball
3-2: Base on Balls
Batting: SHB Terry Christian 0-0: Ball
1-0: Swinging Strike
1-1: Ball
Garrett Waller is caught stealing 2nd base
2-1: Fly out, F9 (Flyball, 9S)
Top of the 8th over - 1 run(s), 1 hit(s), 0 error(s), 0 left on base; Barry's Bay 3 - Little Rock 0
BOTTOM OF THE 8TH
Little Rock Lemmiwinks batting - Pitching for Barry's Bay Orioles : LHP Roberto Galaz
Now in RF: Jim MacAchounich
Batting: RHB Jack Crossey 0-0: Ball
1-0: Ball
2-0: SINGLE (Groundball, 4MD)
Pitching: RHP Félix González
Batting: RHB Álex Ochoa 0-0: Ball
1-0: Called Strike
1-1: Hit by Pitch
Jack Crossey to second
Batting: RHB Álex Martínez 0-0: SINGLE (Flyball, 9LM)
Jack Crossey to third
Álex Ochoa to second
Batting: RHB James Hunter 0-0: Ball
1-0: Ball
2-0: Ball
3-0: Called Strike
3-1: Foul Ball, location: 2F
3-2: Strikes out swinging
Batting: RHB Bill Bourland 0-0: Ball
1-0: Foul Ball, location: 2F
1-1: Foul Ball, location: 2F
1-2: Ball
2-2: Foul Ball, location: 2F
2-2: Foul Ball, location: 2F
2-2: Ball
3-2: Strikes out swinging
Batting: RHB Jaime Hernández 0-0: Ball
1-0: Called Strike
1-1: Foul Ball, location: 2F
1-2: Strikes out swinging passed ball, reaches first!
Jack Crossey scores
Álex Ochoa to third
Álex Martínez to second
Batting: RHB John Robertson 0-0: Called Strike
0-1: Called Strike
0-2: Foul Ball, location: 2F
0-2: Strikes out swinging
Bottom of the 8th over - 1 run(s), 2 hit(s), 0 error(s), 3 left on base; Barry's Bay 3 - Little Rock 1
TOP OF THE 9TH
Barry's Bay Orioles batting - Pitching for Little Rock Lemmiwinks : LHP José Reyes
Batting: LHB Ryan Rheaume 0-0: Ground out 4-3 (Groundball, 4)
Batting: RHB Troy González 0-0: Ball
1-0: Called Strike
1-1: Foul Ball, location: 2F
1-2: SINGLE (Flyball, 8LS) - OUT at second base trying to stretch hit.
Pitching: RHP Charles Palmeiro
Batting: LHB Joe Vásquez 0-0: Ball
1-0: Foul Ball, location: 2F
1-1: Swinging Strike
1-2: Foul Ball, location: 2F
1-2: Strikes out looking
Top of the 9th over - 0 run(s), 1 hit(s), 0 error(s), 0 left on base; Barry's Bay 3 - Little Rock 1
BOTTOM OF THE 9TH
Little Rock Lemmiwinks batting - Pitching for Barry's Bay Orioles : RHP Félix González
Pitching: LHP Mathew Bentley
Batting: LHB Horace Kramer 0-0: Ball
1-0: Ball
2-0: Foul Ball, location: 2F
2-1: Foul Ball, location: 2F
2-2: Ball
3-2: Base on Balls
Pinch Hitting: SHB Darrel Lang 0-0: Ball
1-0: Swinging Strike
1-1: Ball
2-1: Called Strike
2-2: Ground out U3 (Groundball, 3S)
Horace Kramer to second
Pinch Hitting: RHB Gustavo Medine 0-0: Ball
1-0: Ball
2-0: Foul Ball, location: 2F
2-1: Foul Ball, location: 2F
2-2: Ball
3-2: Foul Ball, location: 2F
3-2: Base on Balls
Pinch Hitting: RHB Ánibal Soto 0-0: Foul Ball, location: 2F
0-1: Ball
1-1: Ball
2-1: Ball
3-1: Grounds into double play, 6-4-3 (Groundball, 56)
Bottom of the 9th over - 0 run(s), 0 hit(s), 0 error(s), 1 left on base; Barry's Bay 3 - Little Rock 1
Tuesday, August 8th, 2017 - OOTP Baseball 17.12 Build 75